 Dungeon Crawl Stone Soup version 0.19-a0-1686-g35356ef (webtiles) character file.

476 Amnesiac the Vexing (level 6, 0/41 HPs)
             Began as a Mummy Enchanter on Sept 25, 2016.
             Was an Initiate of Gozag.
             Slain by a crimson imp (3 damage)
             ... on level 5 of the Dungeon.
             The game lasted 00:08:44 (5488 turns).

Amnesiac the Vexing (Mummy Enchanter)               Turns: 5488, Time: 00:08:45

Health: 0/41       AC:  1    Str: 12    XL:     6   Next: 85%
Magic:  1/10       EV: 12    Int: 16    God:    Gozag
Gold:   531        SH:  0    Dex: 12    Spells: 4 memorised, 1 level left

rFire  x . .     SeeInvis .     k - +0 halberd
rCold  + + .     Gourm    .     o - +1 robe {rC+}
rNeg   + + +     Faith    .     (shield currently unavailable)
rPois  ∞         Spirit   .     i - +0 helmet
rElec  .         Dismiss  .     (no cloak)
rCorr  .         Reflect  .     (no gloves)
MR     .....     Harm     .     (no boots)
Stlth  ++........               (no amulet)
                                (no ring)
                                (no ring)

@: corroded, gold aura
A: no food or potions, fire vulnerability, cold resistance 1, negative energy
resistance 3, torment resistance, unbreathing
a: Potion Petition, Call Merchant, Bribe Branch, Renounce Religion


You were on level 5 of the Dungeon.
You worshipped Gozag.
Gozag was pleased with you.
You were not hungry.

You visited 1 branch of the dungeon, and saw 5 of its levels.

You collected 575 gold pieces.
You paid 44 gold pieces to Gozag.

Inventory:

Hand Weapons
 a - a +1 dagger
 k - a +0 halberd (weapon)
Missiles
 h - 6 curare-tipped needles
Armour
 i - a +0 helmet (worn)
 o - a +1 robe of cold resistance (worn)
Scrolls
 b - a scroll of recharging {unknown}
 e - 3 scrolls of teleportation {unknown}
 f - 2 scrolls of enchant armour {unknown}
 g - 3 scrolls of identify {unknown}
 j - a scroll of enchant weapon {unknown}
 l - 3 scrolls of blinking {unknown}
 m - a scroll of random uselessness {unknown}
 n - a scroll of fog {unknown}
Books
 c - a book of Maledictions

   Spells                             Type                      Level
   a - Corona                         Hexes                        1
   b - Ensorcelled Hibernation        Hexes/Ice                    2
   c - Confuse                        Hexes                        3
   d - Tukima's Dance                 Hexes                        3
   e - Dazzling Spray                 Conjuration/Hexes            3
 d - a book of Unlife

   Spells                             Type                      Level
   a - Recall                         Summoning/Translocation      3
   b - Animate Dead                   Necromancy                   4
   c - Control Undead                 Necromancy                   4
   d - Cigotuvi's Embrace             Necromancy                   5
   e - Death Channel                  Necromancy                   6
   f - Simulacrum                     Ice/Necromancy               6
 p - a book of Necromancy

   Spells                             Type                      Level
   a - Pain                           Necromancy                   1
   b - Animate Skeleton               Necromancy                   1
   c - Vampiric Draining              Necromancy                   3
   d - Regeneration                   Charms/Necromancy            3
   e - Animate Dead                   Necromancy                   4
   f - Control Undead                 Necromancy                   4


   Skills:
 - Level 0.7 Short Blades
 + Level 2.2 Polearms
 - Level 1.5 Dodging
 - Level 2.4 Stealth
 - Level 3.1 Spellcasting
 - Level 6.0 Hexes


You had one spell level left.
You knew the following spells:

 Your Spells              Type           Power        Failure   Level  Hunger
a - Dazzling Spray        Conj/Hex       ##....       17%         3    N/A
e - Confuse               Hex            ###.....     6%          3    N/A
f - Corona                Hex            ###....      1%          1    N/A
w - Tukima's Dance        Hex            ###.....     6%          3    N/A

Dungeon Overview and Level Annotations

Branches:
Dungeon (5/15)
 Temple: D:4-7

Altars:
Cheibriados
Dithmenos
Fedhas
Gozag
Hepliaklqana
Yredelemnul


Innate Abilities, Weirdness & Mutations

You do not eat or drink.
Your flesh is vulnerable to fire.
You are immune to poison.
Your flesh is cold resistant. (rC+)
You are immune to negative energy. (rN+++)
You are immune to unholy pain and torment.
You can survive without breathing.


Message History

You hit the jelly but do no damage.
Your hands burn!
* * * LOW HITPOINT WARNING * * *
The jelly is severely wounded.
The jelly hits itself.
The crimson imp misses you.
Unknown command.
You hit the jelly.
Your hands burn!
* * * LOW HITPOINT WARNING * * *
The jelly is almost dead.
The jelly hits itself.
The jelly is killed!
The crimson imp closely misses you.
The crimson imp hits you but does no damage.
You miss the crimson imp. The crimson imp hits you.
* * * LOW HITPOINT WARNING * * *
You closely miss the crimson imp. The crimson imp barely misses you.
You closely miss the crimson imp. The crimson imp hits you.
* * * LOW HITPOINT WARNING * * *
The crimson imp hits you.
You die...
Your body crumbles into a pile of gold.

.....#...# #...#
.....#...#####...######
.....#...##............
............##...#####.
........######...# #.
.....#...#.# ##### #.
..... #.#.#.###########.
..... #$#.............#.
$.....#@#.<.........<.#.
...§..#5#...............
#....#.#..............#
#..#.#.............##
#.5..#...............
##...#.............##
#.......##.##.....#
#.#........#......#
#.#.....>....#.#.##


You could see a crimson imp.

Vanquished Creatures
  The ghost of Rationalist the Chopper, an amateur MiGl (D:3)
  2 scorpions (D:5)
  A centaur zombie (D:5)
  A jelly (D:5)
  A hound (D:4)
  An orc wizard (D:4)
  3 gnolls (D:2)
  5 adders
  An ooze (D:2)
  An adder skeleton (D:5)
  3 worms
  2 dart slugs
  2 leopard geckos
  8 orcs
  6 giant cockroaches
  5 goblins
  4 hobgoblins
  11 jackals
  11 kobolds
  6 bats
  5 frilled lizards
  7 rats
87 creatures vanquished.

Notes
Turn   | Place    | Note
-------+----------+-------------------------------------------
     0 | D:1      | Amnesiac the Mummy Enchanter began the quest for the Orb.
     0 | D:1      | Reached XP level 1. HP: 13/13 MP: 3/3
   156 | D:2      | Reached skill level 3 in Hexes
   488 | D:3      | Reached XP level 2. HP: 18/19 MP: 0/5
   899 | D:3      | Reached XP level 3. HP: 8/24 MP: 4/6
   904 | D:3      | Learned a level 3 spell: Confuse
   912 | D:3      | Found an opulent altar of Gozag.
   920 | D:3      | Became a worshipper of Gozag Ym Sagoz the Greedy
  1212 | D:1      | Reached skill level 4 in Hexes
  1806 | D:2      | Found a blossoming altar of Fedhas.
  2054 | D:2      | Reached XP level 4. HP: 30/30 MP: 1/7
  2215 | D:1      | Learned a level 3 spell: Tukima's Dance
  2382 | D:2      | Found a snail-covered altar of Cheibriados.
  2465 | D:2      | Found a shadowy altar of Dithmenos.
  2465 | D:2      | Found a hazy altar of Hepliaklqana.
  3018 | D:3      | Reached skill level 5 in Hexes
  3665 | D:3      | Noticed Rationalist's ghost (amateur MiGl)
  4015 | D:3      | Reached XP level 5. HP: 33/35 MP: 4/8
  4209 | D:3      | Killed Rationalist's ghost
  4391 | D:4      | Reached skill level 6 in Hexes
  4494 | D:4      | Reached XP level 6. HP: 41/41 MP: 6/9
  4551 | D:4      | Reached skill level 1 in Polearms
  5077 | D:5      | Entered Level 5 of the Dungeon
  5155 | D:5      | Found a basalt altar of Yredelemnul.
  5443 | D:5      | Learned a level 3 spell: Dazzling Spray
  5488 | D:5      | Slain by a crimson imp

Vault maps used:
D:1:      saegor_arrival_simple_a
D:2:      lemuel_crystal_altar, grunt_temple_overflow_open, old_standard_altar
D:3:      lemuel_coloured_pillars_altar, first_bread
D:5:      overflow_temple_1_default, old_standard_altar

Skill      XL: |  1  2  3  4  5  6 |
---------------+-------------------+-----
Hexes          | 3 4 5 6 |  6.0
Polearms       | 2 |  2.2
Spellcasting   | 3 |  3.1
Short Blades   | |  0.7
Dodging        | |  1.5
Stealth        | |  2.4

Action                   |  1- 3 |  4- 6 || total
-------------------------+-------+-------++-------
Melee: Dagger            |   158 |    61 ||   219
       Halberd           |       |   182 ||   182
 Cast: Corona            |    33 |    12 ||    45
       Confuse           |     4 |    35 ||    39
  Use: Scroll            |     1 |       ||     1
 Stab: Sleeping          |     4 |     6 ||    10
       Confused          |     1 |     6 ||     7
       Distracted        |       |     1 ||     1
Armor: Robe              |    58 |    64 ||   122
Dodge: Dodged            |   125 |   117 ||   242
